 Dungeon Crawl Stone Soup version 0.21.0 (webtiles) character file.

1189 Gremour the Shield-Bearer (level 8, -10/67 HPs)
             Began as a Gnoll Fighter on Jan 7, 2018.
             Mangled by a hornet (13 damage)
             ... while paralysed by a hornet
             ... on level 5 of the Dungeon.
             The game lasted 00:15:17 (3247 turns).

Gremour the Shield-Bearer (Gnoll Fighter)           Turns: 3247, Time: 00:15:18

Health: -10/67     AC:  9    Str: 18    XL:     8   Next: 43%
Magic:  12/12      EV:  2    Int: 13    God:
Gold:   294        SH:  0    Dex: 18    Spells: 13/13 levels left

rFire    . . .     SeeInvis .   a - +0 long sword
rCold    . . .     Gourm    .   c - +0 shield
rNeg     . . .     Faith    .   b - +1 scale mail
rPois    .         Spirit   .   (no helmet)
rElec    .         Reflect  .   (no cloak)
rCorr    .         Harm     .   (no gloves)
MR       .....                  (no boots)
Stlth    +.........             (no amulet)
HPRegen  0.21/turn              p - +3 ring of intelligence
MPRegen  0.13/turn              (no ring)

@: paralysed, lethally poisoned (-10 -> -33), slowed
A: distributed training, fangs 1, strong nose
a: no special abilities


You were on level 5 of the Dungeon.
You were not hungry.

You visited 1 branch of the dungeon, and saw 4 of its levels.
You also visited: Ossuary.

You collected 294 gold pieces.

Inventory:

Hand Weapons
 a - a +0 long sword (weapon)
Armour
 b - a +1 scale mail (worn)
 c - a +0 shield (worn)
Jewellery
 p - a +3 ring of intelligence (left hand)
Wands
 t - a wand of digging (9)
Scrolls
 d - 2 scrolls of enchant armour
 j - a scroll of amnesia {unknown}
 m - 2 scrolls of fear {unknown}
 o - 3 scrolls of identify
 q - 4 scrolls of teleportation {unknown}
Potions
 e - 4 potions of heal wounds {unknown}
 g - 2 potions of haste {unknown}
 h - 4 potions of flight
 i - a potion of brilliance {unknown}
 k - 6 potions of curing {unknown}
 l - a potion of invisibility {unknown}
 n - a potion of cancellation {unknown}
 r - 2 potions of ambrosia
Comestibles
 f - 9 rations
 s - 3 chunks of flesh


   Skills:
 + Level 7.3 Fighting
 + Level 3.2 Short Blades
 + Level 5.6 Long Blades
 + Level 3.2 Axes
 + Level 3.2 Maces & Flails
 + Level 3.2 Polearms
 + Level 3.2 Staves
 + Level 3.2 Slings
 + Level 3.2 Bows
 + Level 3.2 Crossbows
 + Level 3.2 Throwing
 + Level 7.3 Armour
 + Level 3.2 Dodging
 + Level 3.2 Stealth
 + Level 7.3 Shields
 + Level 3.2 Unarmed Combat
 + Level 3.2 Spellcasting
 + Level 2.6 Conjurations
 + Level 2.6 Hexes
 + Level 2.6 Charms
 + Level 2.6 Summonings
 + Level 2.6 Necromancy
 + Level 2.6 Translocations
 + Level 2.6 Transmutations
 + Level 2.6 Fire Magic
 + Level 2.6 Ice Magic
 + Level 2.6 Air Magic
 + Level 2.6 Earth Magic
 + Level 2.6 Poison Magic
 + Level 3.5 Invocations
 + Level 3.2 Evocations


You had 13 spell levels left.
You didn't know any spells.

Dungeon Overview and Level Annotations

Branches:
Dungeon (5/15)
 Temple: D:4-7

Altars:
Qazlal


Innate Abilities, Weirdness & Mutations

Your experience applies equally to all skills.
You have very sharp teeth.
Your uncanny sense of smell can sniff out nearby items.


Message History

The hornet stings you!
You are more poisoned.
You feel as though you will be slow longer.
The hornet stings you.
You feel as though you will be slow longer.
You hit the hornet.
The hornet is almost dead.
You feel very sick. The hornet stings you.
You feel as though you will be slow longer.
The hornet stings you!
* * * LOW HITPOINT WARNING * * *
You are more poisoned.
You suddenly lose the ability to move!
* * * LOW HITPOINT WARNING * * *
You feel sick. The hornet stings you!
* * * LOW HITPOINT WARNING * * *
You feel as though you will be slow longer.
The hornet stings you!
You die...

#..##..############......#####.#.
#.>...............'......+.......
.......#######....#......#####...
##.##### #....#......# #... #.#
#...)#......# ##.. #.#
#(..........######.. ##.#
#....(.......##..... ..
#.............#.###. #
##.@............#...
##..y............#... #
#####.................... #
#......................## #
#.......................# #
#..$...................## #
.......................### #
#######..................# #
.....................#


You could see a hornet.

Vanquished Creatures
  Sigmund (D:2)
  Eustachio (D:4)
  Edmund (D:4)
  2 ogres (D:4)
  A bullfrog (D:2)
  2 elf zombies (Ossuary)
  A crimson imp (D:5)
  2 centaur zombies (Ossuary)
  A human zombie (Ossuary)
  An iguana (D:4)
  3 worker ants (D:4)
  A big kobold zombie (Ossuary)
  2 mummies (Ossuary)
  5 adders
  2 adder zombies
  A worm (D:2)
  2 dart slugs
  9 bats
  3 giant cockroaches
  5 goblins
  6 hobgoblins
  8 jackals
  8 kobolds
  3 frilled lizards
  A goblin zombie (Ossuary)
  9 hobgoblin zombies (Ossuary)
  3 jackal zombies (Ossuary)
  10 kobold zombies (Ossuary)
  6 orc zombies (Ossuary)
  A quokka skeleton (D:4)
  6 rats
107 creatures vanquished.

Notes
Turn   | Place    | Note
-------+----------+-------------------------------------------
     0 | D:1      | Gremour the Gnoll Fighter began the quest for the Orb.
     0 | D:1      | Reached XP level 1. HP: 23/23 MP: 1/1
   118 | D:1      | Reached XP level 2. HP: 24/29 MP: 2/2
   498 | D:1      | Reached XP level 3. HP: 35/35 MP: 3/3
   674 | D:2      | Reached skill level 1 in Invocations
   676 | D:2      | Reached skill level 1 in Short Blades
   676 | D:2      | Reached skill level 1 in Axes
   676 | D:2      | Reached skill level 1 in Maces & Flails
   676 | D:2      | Reached skill level 1 in Polearms
   676 | D:2      | Reached skill level 1 in Staves
   676 | D:2      | Reached skill level 1 in Slings
   676 | D:2      | Reached skill level 1 in Bows
   676 | D:2      | Reached skill level 1 in Crossbows
   676 | D:2      | Reached skill level 1 in Throwing
   676 | D:2      | Reached skill level 1 in Dodging
   676 | D:2      | Reached skill level 1 in Stealth
   676 | D:2      | Reached skill level 1 in Unarmed Combat
   676 | D:2      | Reached skill level 1 in Spellcasting
   676 | D:2      | Reached skill level 1 in Evocations
   734 | D:2      | Reached XP level 4. HP: 33/41 MP: 5/5
   747 | D:2      | Noticed an earth elemental
   854 | D:2      | Found a stormy altar of Qazlal.
   855 | D:2      | Noticed a water elemental
   855 | D:2      | Noticed a fire elemental
   855 | D:2      | Noticed an air elemental
  1029 | D:2      | Noticed Sigmund
  1043 | D:2      | Killed Sigmund
  1043 | D:2      | Reached skill level 1 in Conjurations
  1043 | D:2      | Reached skill level 1 in Hexes
  1043 | D:2      | Reached skill level 1 in Charms
  1043 | D:2      | Reached skill level 1 in Summonings
  1043 | D:2      | Reached skill level 1 in Necromancy
  1043 | D:2      | Reached skill level 1 in Translocations
  1043 | D:2      | Reached skill level 1 in Transmutations
  1043 | D:2      | Reached skill level 1 in Fire Magic
  1043 | D:2      | Reached skill level 1 in Ice Magic
  1043 | D:2      | Reached skill level 1 in Air Magic
  1043 | D:2      | Reached skill level 1 in Earth Magic
  1043 | D:2      | Reached skill level 1 in Poison Magic
  1043 | D:2      | Reached XP level 5. HP: 28/47 MP: 5/7
  1043 | D:2      | Reached XP level 6. HP: 31/53 MP: 5/8
  1305 | D:2      | Reached skill level 5 in Long Blades
  1340 | D:2      | You fall through a shaft for 2 floors!
  1459 | D:4      | Noticed Edmund
  1483 | D:4      | Killed Edmund
  1483 | D:4      | Reached XP level 7. HP: 19/60 MP: 10/10
  1877 | D:4      | Noticed Eustachio
  1898 | D:4      | Killed Eustachio
  1965 | D:4      | Found a sand-covered staircase.
  1971 | Ossuary  | Entered an ossuary
  2090 | Ossuary  | Reached XP level 8. HP: 63/67 MP: 12/12
  2955 | D:5      | Entered Level 5 of the Dungeon
  3233 | D:5      | Noticed a hornet
  3246 | D:5      | Paralysed by a hornet for 3 turns
  3247 | D:5      | HP: 3/67 [hornet (10)]
  3247 | D:5      | Mangled by a hornet

Skill      XL: |  1  2  3  4  5  6  7  8 |
---------------+-------------------------+-----
Invocations    | 1 2 3 |  3.5
Short Blades   | 1 2 3 |  3.2
Axes           | 1 2 3 |  3.2
Maces & Flails | 1 2 3 |  3.2
Polearms       | 1 2 3 |  3.2
Staves         | 1 2 3 |  3.2
Slings         | 1 2 3 |  3.2
Bows           | 1 2 3 |  3.2
Crossbows      | 1 2 3 |  3.2
Throwing       | 1 2 3 |  3.2
Dodging        | 1 2 3 |  3.2
Stealth        | 1 2 3 |  3.2
Unarmed Combat | 1 2 3 |  3.2
Spellcasting   | 1 2 3 |  3.2
Evocations     | 1 2 3 |  3.2
Conjurations   | 1 2 |  2.6
Hexes          | 1 2 |  2.6
Charms         | 1 2 |  2.6
Summonings     | 1 2 |  2.6
Necromancy     | 1 2 |  2.6
Translocations | 1 2 |  2.6
Transmutations | 1 2 |  2.6
Fire Magic     | 1 2 |  2.6
Ice Magic      | 1 2 |  2.6
Air Magic      | 1 2 |  2.6
Earth Magic    | 1 2 |  2.6
Poison Magic   | 1 2 |  2.6
Long Blades    | 5 |  5.6
Fighting       | 7 |  7.3
Armour         | 7 |  7.3
Shields        | 7 |  7.3

Action                   |  1- 3 |  4- 6 |  7- 9 || total
-------------------------+-------+-------+-------++-------
Melee: Long sword        |    96 |    99 |   223 ||   418
       Bite              |    12 |    11 |    53 ||    76
       Short sword       |    21 |       |       ||    21
  Use: Scroll            |     4 |       |       ||     4
       Potion            |       |     2 |     1 ||     3
  Eat: Chunk             |       |     2 |     3 ||     5
       Ration            |       |       |     1 ||     1
Armor: Scale mail        |    70 |    24 |    81 ||   175
Dodge: Dodged            |    55 |    26 |   114 ||   195
Block: Shield            |   107 |    54 |   144 ||   305
       Rpst.: Long sword |    13 |     9 |    45 ||    67
